 Dungeon Crawl Stone Soup version 0.27-a0-1202-ge72e49191c (webtiles) character file.

Game seed: 3861363639172635938

1570 bilbop the Basher (level 8, -2/70 HPs)
             Began as a Minotaur Hunter on June 5, 2021.
             Slain by Dowan
             ... wielding a +7 dagger of protection
              (4 damage)
             ... on level 6 of the Dungeon.
             The game lasted 00:26:31 (5288 turns).

bilbop the Basher (Minotaur Hunter)                 Turns: 5288, Time: 00:26:32

Health: -2/70      AC: 13    Str: 19    XL:     8   Next: 59%
Magic:  7/7        EV:  6    Int: 11    God:
Gold:   281        SH:  0    Dex: 11    Spells: 7/7 levels left

rFire    . . .     SeeInvis .   b - +0 whip
rCold    + . .     Faith    .   (no shield)
rNeg     + . .     Spirit   .   B - +0 plate armour
rPois    .         Reflect  .   (helmet restricted)
rElec    .         Harm     .   (no cloak)
rCorr    +         Rampage  .   m - +0 pair of gloves
Will     .....                  (no boots)
Stlth    ..........             (no amulet)
HPRegen  0.21/turn              A - ring "Ryodeugye" {rC+ rN+ rCorr Int+3 Stlth+}
MPRegen  0.10/turn              E - ring of flight

@: flying
A: horns 2, retaliatory headbutt
a: no special abilities


You were on level 6 of the Dungeon.
You visited 1 branch of the dungeon, and saw 6 of its levels.

You collected 281 gold pieces.

Inventory:

Hand Weapons
 a - a +1 hand crossbow
 b - a +0 whip (weapon)
 o - a +0 short sword
 t - a +0 mace
Missiles
 d - 8 bolts
Armour
 c - a +0 leather armour
 m - a +0 pair of gloves (worn)
 q - a +0 ring mail
 B - a +0 plate armour (worn)
Jewellery
 r - a ring of ice
 A - the ring "Ryodeugye" (left hand) {rC+ rN+ rCorr Int+3 Stlth+}
   (You found it on level 5 of the Dungeon)

   [ring of resist corrosion]

   It affects your intelligence (+3).
   It protects you from cold.
   It protects you from negative energy.
   It protects you from acid and corrosion.
   It makes you more stealthy.
 E - a ring of flight (right hand)
Wands
 w - a wand of mindburst (32)
 y - a wand of acid (4)
Scrolls
 g - a scroll of vulnerability {unknown}
 h - 3 scrolls of magic mapping {unknown}
 i - a scroll of summoning {unknown}
 j - a scroll of brand weapon {unknown}
 k - a scroll of amnesia {unknown}
 l - a scroll of holy word {unknown}
 n - a scroll of fear {unknown}
 p - 4 scrolls of identify {unknown}
 s - a scroll of enchant weapon {unknown}
 v - 2 scrolls of enchant armour {unknown}
 D - a scroll of immolation {unknown}
Potions
 e - 2 potions of heal wounds {unknown}
 f - 4 potions of haste {unknown}
 u - a potion of attraction {unknown}
 x - a potion of invisibility {unknown}
 z - a potion of flight {unknown}
 C - 3 potions of curing {unknown}
 F - a potion of brilliance {unknown}


   Skills:
 + Level 6.2 Fighting
 * Level 8.1 Maces & Flails
 + Level 6.8 Crossbows
 + Level 5.6 Armour
 - Level 2.1 Dodging
 - Level 0.7 Stealth


You had 7 spell levels left.
You didn't know any spells.
Your spell library contained the following spells:

 Spells                   Type           Power      Damage    Failure   Level
 Beastly Appendage        Tmut           0%         N/A       100%        1
 Wereblood                Tmut           0%         N/A       100%        2
 Spider Form              Tmut/Pois      0%         N/A       100%        3
 Ice Form                 Ice/Tmut       0%         N/A       100%        4
 Hydra Form               Tmut           0%         N/A       100%        5


Dungeon Overview and Level Annotations

Branches:
Dungeon (6/15)
 Temple: D:4-7

Altars:
Elyvilon
Uskayaw
Vehumet

Annotations:
D:6 Dowan


Innate Abilities, Weirdness & Mutations

You have a pair of horns on your head.
You reflexively headbutt those who attack you in melee.


Message History

Duvessa completely misses you.
You hit Duvessa but do no damage.
Duvessa is almost dead.
You barely miss Duvessa. You headbutt Duvessa.
You kill Duvessa!
Dowan's eyes darken. "You have made a black mistake."
Dowan seems to find hidden reserves of power!
Dowan barely misses you.
Your Maces & Flails skill increases to level 8!
Dowan hits you with a +7 dagger of protection.
Things that are here:
a +0 rapier; a +0 ring mail; the elf corpse of Duvessa You closely miss Dowan.
You headbutt Dowan, but do no damage.
Dowan points at you and mumbles some strange words.
The shard of ice hits you!! You partially resist.
* * * LOW HITPOINT WARNING * * *
You barely miss Dowan. You headbutt Dowan.
Dowan is moderately wounded.
Dowan hits you with a +7 dagger of protection!
* * * LOW HITPOINT WARNING * * *
You whack Dowan!
Dowan is severely wounded.
Dowan hits you but does no damage.
You miss Dowan.
Dowan is severely wounded.
Dowan hits you with a +7 dagger of protection.
* * * LOW HITPOINT WARNING * * *
You miss Dowan. Your headbutt misses Dowan.
Dowan is severely wounded.
Dowan hits you but does no damage.
You closely miss Dowan. You headbutt Dowan, but do no damage.
Dowan is severely wounded.
Dowan hits you but does no damage.
Dowan hits you with a +7 dagger of protection.
* * * LOW HITPOINT WARNING * * *
You closely miss Dowan.
Dowan is severely wounded.
Dowan hits you but does no damage.
Dowan hits you with a +7 dagger of protection.
You die...

###########
#.....).e@#
#.#######(#
#.# #.#
########.#
#.#
#......#.#
#.#
.........#
...
#......###
...
#......#
....#
#......#
..(.#


You could see Dowan (fast).

Vanquished Creatures
  Grinder (D:5)
  Duvessa (D:6)
  An ice beast (D:3)
  A black bear (D:5)
  2 necrophages (D:4)
  3 centaurs (D:5)
  4 scorpions
  A wyvern skeleton (D:3)
  A bullfrog zombie (D:5)
  A hound (D:4)
  2 orc priests (D:5)
  Ijyb (D:4)
  2 iguanas (D:5)
  A hound skeleton (D:4)
  Robin (D:2)
  A howler monkey skeleton (D:5)
  7 adders
  An ufetubus (D:4)
  An adder skeleton (D:4)
  2 worms
  A dart slug (D:1)
  4 orcs
  4 ball pythons
  5 bats
  3 endoplasms
  2 giant cockroaches
  17 goblins
  6 hobgoblins
  9 jackals
  3 quokkas
  4 frilled lizards
  13 kobolds
  A rat (D:3)
107 creatures vanquished.

Notes
Turn   | Place    | Note
-------+----------+-------------------------------------------
     0 | D:1      | bilbop the Minotaur Hunter began the quest for the Orb.
     0 | D:1      | Reached XP level 1. HP: 18/18 MP: 0/0
   176 | D:1      | Reached skill level 1 in Maces & Flails
   194 | D:1      | Reached XP level 2. HP: 25/25 MP: 1/1
   308 | D:1      | Reached skill level 1 in Armour
   600 | D:1      | Found a faded altar of an unknown god.
   850 | D:2      | Reached XP level 3. HP: 30/30 MP: 2/2
   852 | D:2      | Noticed Robin
   860 | D:2      | Reached skill level 2 in Maces & Flails
  1155 | D:2      | Killed Robin
  1590 | D:3      | Found a radiant altar of Vehumet.
  1590 | D:3      | Found a hide-covered altar of Uskayaw.
  1617 | D:3      | Reached XP level 4. HP: 38/38 MP: 3/3
  1686 | D:3      | Reached skill level 3 in Maces & Flails
  1914 | D:3      | Reached skill level 5 in Crossbows
  1929 | D:3      | Reached XP level 5. HP: 45/45 MP: 4/4
  2117 | D:3      | Noticed an ice beast
  2134 | D:3      | Killed an ice beast
  2135 | D:3      | Reached skill level 4 in Maces & Flails
  2346 | D:4      | Noticed a necrophage
  2359 | D:4      | Killed a necrophage
  2360 | D:4      | Reached XP level 6. HP: 46/52 MP: 5/5
  2539 | D:4      | Noticed Ijyb
  2920 | D:4      | Found a white marble altar of Elyvilon.
  2948 | D:4      | Reached skill level 5 in Maces & Flails
  3230 | D:4      | Reached XP level 7. HP: 59/60 MP: 6/6
  3395 | D:4      | HP: 3/60 [Ijyb/+0 dagger (2)]
  3396 | D:4      | Killed Ijyb
  4023 | D:5      | Entered Level 5 of the Dungeon
  4039 | D:5      | Identified the ring "Ryodeugye" {rC+ rN+ rCorr Int+3
                  | Stlth+}
  4064 | D:5      | Noticed Grinder
  4075 | D:5      | Killed Grinder
  4076 | D:5      | Reached skill level 5 in Fighting
  4076 | D:5      | Reached skill level 6 in Maces & Flails
  4360 | D:5      | Reached XP level 8. HP: 52/69 MP: 7/7
  4510 | D:5      | Reached skill level 7 in Maces & Flails
  4748 | D:5      | Reached skill level 5 in Armour
  5252 | D:6      | Noticed Duvessa
  5252 | D:6      | Noticed Dowan
  5277 | D:6      | Killed Duvessa
  5278 | D:6      | Reached skill level 8 in Maces & Flails
  5285 | D:6      | HP: 1/70 [Dowan/+7 dagger of protection (3)]
  5288 | D:6      | Slain by Dowan

Illustrated notes

Levels and vault maps discovered:
D:1:      lemuel_arrival_cross, layout_loops_cross, basic_ecumenical_altar,
          chequers_serial_rivers_small_b
D:2:      layout_basic, uniq_robin
D:3:      cheibrodos_helix_gallery, layout_rooms, jmf_multi_god_temple,
          serial_rivers, chequers_serial_rivers_large_b,
          chequers_serial_rivers_micro_d, chequers_serial_rivers_small_a,
          chequers_serial_rivers_small_3
D:4:      minmay_chambers_of_twos, layout_loops_ring, lemuel_doored_altar,
          chequers_serial_rivers_micro_a, uniq_ijyb
D:5:      layout_basic, solitary_fountain, uniq_grinder
D:6:      layout_basic, marbit_many_paths, lightli_ossuary_entry_decrepit_ruins,
          dk_vineyard_1, uniq_crazy_yiuf_cottage, uniq_duvessa,
          uniq_prince_ribbit1, uniq_edmund

Skill      XL: |  1  2  3  4  5  6  7  8 |
---------------+-------------------------+-----
Maces & Flails | 1 2 3 4 5 6 8 |  8.1
Armour         | 1 2 3 4 5 |  5.6
Fighting       | 3 4 5 6 |  6.2
Crossbows      | 5 6 |  6.8
Dodging        | |  2.1
Stealth        | |  0.7

Action                   |  1- 3 |  4- 6 |  7- 9 || total
-------------------------+-------+-------+-------++-------
Melee: Short sword       |    24 |       |       ||    24
       Headbutt          |     6 |    19 |    21 ||    46
       Mace              |     6 |    15 |       ||    21
       Whip              |       |    88 |   104 ||   192
 Fire: Hand crossbow     |    56 |    49 |    35 ||   140
 Stab: Sleeping          |     1 |       |       ||     1
Armor: Leather armour    |    12 |       |       ||    12
       Ring mail         |       |    37 |     5 ||    42
       Plate armour      |       |       |    48 ||    48
Dodge: Dodged            |    23 |    54 |    37 ||   114

Table legend: (Time is in decaauts)
 A = Elapsed time spent in this place.
 B = Non-inter-level travel time spent in this place.
 C = Inter-level travel time spent in this place.
 D = Time resting spent in this place.
 E = Time spent auto-exploring this place.
 F = Levels seen in this place.
 G = Mean time per level.
                   A        B        C        D        E       F      G
               +--------+--------+--------+--------+--------+-----+--------+
         Total |   5287 |   5056 |    231 |    742 |   3483 |   6 |  881.2 |
       Dungeon |   5287 |   5056 |    231 |    742 |   3483 |   6 |  881.2 |
               +--------+--------+--------+--------+--------+-----+--------+

Top non-repeatable levels by time:
     D:4: 1475 daAuts
     D:5: 1116 daAuts
     D:1: 1007 daAuts
     D:3: 981 daAuts
     D:2: 580 daAuts
     D:6: 127 daAuts
